 Dungeon Crawl Stone Soup version 0.31-a0-664-g902f515a81 (webtiles) character file.

Game seed: 14847254179769571704

49 Rohain the Conjurer (level 3, -3/26 HPs)
             Began as a Draconian Conjurer on Sept 2, 2023.
             Slain by an ufetubus (4 damage)
             ... on level 3 of the Dungeon.
             The game lasted 00:02:50 (2058 turns).

Rohain the Conjurer (Draconian Conjurer)            Turns: 2058, Time: 00:02:51

Health: -3/26      AC:  5    Str:  9    XL:     3   Next: 51%
Magic:  1/6        EV: 12    Int: 20    God:
Gold:   166        SH:  0    Dex:  9    Spells: 3/6 levels left

rFire   . . .        n - +0 dagger (drain)
rCold   . . .        (no shield)
rNeg    . . .        (body armour unavailable)
rPois   .            (helmet restricted)
rElec   .            (no cloak)
rCorr   .            (no gloves)
SInv    .            (no boots)
Will    .....        (no amulet)
Stlth   ++           (no ring)
HPRegen 0.24/turn    (no ring)
MPRegen 0.10/turn

%: no passive effects
@: brilliant
A: AC +5, unfitting armour, cold-blooded
a: no special abilities


You were on level 3 of the Dungeon.
You visited 1 branch of the dungeon, and saw 3 of its levels.

You collected 166 gold pieces.

Inventory:

Hand Weapons
 n - a +0 dagger of draining (weapon)
Talismans
 f - a dragon-blood talisman
Scrolls
 b - a scroll of poison {unknown}
 c - a scroll of vulnerability
 h - a scroll of blinking {unknown}
 i - 2 scrolls of enchant weapon {unknown}
 j - a scroll of fog {unknown}
 k - a scroll of fear {unknown}
Potions
 a - a potion of magic
 d - a potion of haste
 e - 2 potions of brilliance
 g - 2 potions of might
 l - a potion of enlightenment {unknown}
 m - 2 potions of invisibility {unknown}


   Skills:
 + Level 2.3 Dodging
 - Level 1.7 Stealth
 + Level 2.4 Spellcasting
 * Level 4.7 Conjurations


You had 3 spell levels left.
You knew the following spells:

 Your Spells              Type           Power      Damage    Failure   Level
a - Magic Dart            Conj           100%       1d8       2%          1
b - Searing Ray           Conj           64%        2d6       3%          2

Your spell library contained the following spells:

 Spells                   Type           Power      Damage    Failure   Level
 Apportation              Tloc           6%         N/A       16%         1
 Necrotise                Necr           12%        1d4       16%         1
 Summon Small Mammal      Summ           12%        N/A       16%         1
 Dazzling Flash           Conj/Hex       34%        N/A       17%         3
 Fulminant Prism          Conj/Hex       8%         3d7       50%         4
 Iskenderun's Mystic Bla  Conj/Tloc      17%        2d5       50%         4


Dungeon Overview and Level Annotations

Branches:
Dungeon (3/15)

Altars:


Innate Abilities, Weirdness & Mutations

Your plain brown scales are hard. (AC +5)
You cannot fit into any form of body armour.
You are cold-blooded and may be slowed by cold attacks.


Message History

The ufetubus barely misses you. The ufetubus misses you.
You barely miss the ufetubus.
The ufetubus is heavily wounded.
The ufetubus barely misses you.
The ufetubus hits you but does no damage.
You closely miss the ufetubus.
The ufetubus is heavily wounded.
The ufetubus barely misses you. x2; The ufetubus closely misses you.
The ufetubus misses you.
You barely miss the ufetubus.
The ufetubus is heavily wounded.
The ufetubus hits you. x2
You hit the ufetubus.
Your tail-slap misses the ufetubus.
The ufetubus is severely wounded.
The ufetubus misses you. x2; The ufetubus hits you.
The ufetubus closely misses you.
You closely miss the ufetubus.
The ufetubus is severely wounded.
The ufetubus hits you. The ufetubus barely misses you.
Casting: Magic Dart (safe; 2% risk of failure)
Confirm with . or Enter, or press ? or * to list all spells.
Aiming: Magic Dart (safe; 2% risk of failure)
Press: ? - help, Shift-Dir - straight line, f/p - ufetubus
Aim: an ufetubus (severely wounded, 100% to hit)
The magic dart hits the ufetubus but does no damage.
The ufetubus is severely wounded.
The ufetubus hits you. x2
* * * LOW HITPOINT WARNING * * *
The ufetubus barely misses you. The ufetubus hits you.
* * * LOW HITPOINT WARNING * * *
Casting: Magic Dart (safe; 2% risk of failure)
Confirm with . or Enter, or press ? or * to list all spells.
Aiming: Magic Dart (safe; 2% risk of failure)
Press: ? - help, Shift-Dir - straight line, f/p - ufetubus
Aim: an ufetubus (severely wounded, 100% to hit)
Okay, then.
It was a potion of brilliance.
You feel clever all of a sudden. The ufetubus hits you.
You die...

#####
########.....
#...5@(......
#.###(......#....
#.........##.# .
#####....## .#
#.#.## # #<).#
##.#.⌠.# #..#.#.#
##..#.#


You could see an ufetubus.

Vanquished Creatures
  An adder (D:3)
  A worm (D:2)
  2 dart slugs
  2 orcs (D:3)
  2 endoplasms (D:2)
  A goblin (D:1)
  7 hobgoblins
  A quokka (D:1)
  3 ball pythons
  5 bats
  A frilled lizard (D:1)
  3 kobolds
  2 rats
31 creatures vanquished.

Notes
Turn   | Place    | Note
-------+----------+-------------------------------------------
     0 | D:1      | Rohain the Draconian Conjurer began the quest for the Orb.
     0 | D:1      | Reached XP level 1. HP: 14/14 MP: 3/3
   422 | D:1      | Reached XP level 2. HP: 20/20 MP: 1/5
   985 | D:1      | Learned a level 2 spell: Searing Ray
  1613 | D:2      | Found a faded altar of an unknown god.
  1652 | D:2      | Reached XP level 3. HP: 23/26 MP: 1/6
  2057 | D:3      | HP: 1/26 [ufetubus (4)]
  2058 | D:3      | Slain by an ufetubus

Illustrated notes

Levels and vault maps discovered:
D:1:      minmay_arrival_four_loops, layout_basic, serial_bayou_pond_c
D:2:      layout_basic, ebering_ecumenical_altar_abandoned
D:3:      layout_basic, grunt_temple_overflow_open, grunt_decor_mini_mirrors,
          due_unseen_surprise

Skill      XL: |  1 |
---------------+----+-----
Dodging        | 2 |  2.3
Stealth        | |  1.7
Spellcasting   | |  2.4
Conjurations   | |  4.7

Action                     || total
---------------------------++-------
  Melee: Unarmed           ||    12
         Tailslap          ||     4
         Dagger            ||     7
   Cast: Magic Dart        ||    67
         Searing Ray       ||     1
    Use: Scroll            ||     3
         Potion            ||     1
 Armour: Skin              ||    24
  Dodge: Dodged            ||    33

Table legend: (Time is in decaauts)
 A = Elapsed time spent in this place.
 B = Non-inter-level travel time spent in this place.
 C = Inter-level travel time spent in this place.
 D = Time resting spent in this place.
 E = Time spent auto-exploring this place.
 F = Levels seen in this place.
 G = Mean time per level.
                   A        B        C        D        E       F      G
               +--------+--------+--------+--------+--------+-----+--------+
         Total |   2062 |   2004 |     58 |    132 |   1630 |   3 |  687.3 |
       Dungeon |   2062 |   2004 |     58 |    132 |   1630 |   3 |  687.3 |
               +--------+--------+--------+--------+--------+-----+--------+

Top non-repeatable levels by time:
     D:1: 1204 daAuts
     D:2: 803 daAuts
     D:3: 54 daAuts
